 Dungeon Crawl Stone Soup version 0.14-a0-1721-g84c87b2 (webtiles) character file.

244 Piginabag the Insei (level 4, 8/35 HPs)
             Began as a Demonspawn Monk on Jan 3, 2014.
             Quit the game on Level 3 of the Dungeon.
             The game lasted 00:05:00 (2137 turns).

Piginabag the Insei (Demonspawn Monk)               Turns: 2137, Time: 00:05:00

HP   8/35        AC  5     Str 11      XL: 4   Next: 60%
MP   4/4         EV 12     Int 11      God:
Gold 135         SH  0     Dex 17      Spells:  0 memorised,  3 levels left

rFire  . . .     SeeInvis .       - Unarmed
rCold  . . .     Clarity  .     f - +0 leather armour
rNeg   . . .     Conserve .     (no shield)
rPois  .         rCorr    .     (no helmet)
rElec  .         rRot     .     (no cloak)
SustAb . .       Spirit   .     d - +0 pair of gloves
rMut   .         Warding  .     e - +0 pair of boots
Saprov + . .     Stasis   .     (no amulet)
                                (no ring)
                                (no ring)

@: slightly resistant to hostile enchantments, fairly stealthy
A: saprovore 1
a: no special abilities


You were on level 3 of the Dungeon.
You were not hungry.

You visited 1 branch of the dungeon, and saw 3 of its levels.

You collected 135 gold pieces.

Inventory:

Armour
 a - a +0 robe
 d - a +0 pair of gloves (worn)
 e - a +0 pair of boots (worn)
 f - a +0 leather armour (worn)
Comestibles
 b - 3 bread rations
 h - 3 meat rations
 i - a choko
 s - an apple
 x - a cheese
Scrolls
 j - a scroll of fog {unknown}
 k - a scroll of noise {unknown}
 l - 4 scrolls of amnesia {unknown}
 m - 2 scrolls of enchant weapon II {unknown}
 n - 2 scrolls of blinking {unknown}
 o - 3 scrolls of teleportation {unknown}
 p - 3 scrolls of identify {unknown}
 q - a scroll of enchant weapon I {unknown}
 r - 2 scrolls of recharging {unknown}
 t - a scroll of curse weapon {unknown}
 v - a scroll of remove curse {unknown}
Potions
 c - 2 potions of curing {unknown}
 g - a potion of degeneration {unknown}
 u - a potion of restore abilities {unknown}
 w - 2 potions of mutation {unknown}


   Skills:
 + Level 3.5 Fighting
 + Level 1.5 Armour
 + Level 3.3 Dodging
 + Level 2.1 Stealth
 + Level 4.2 Unarmed Combat


You had 3 spell levels left.
You didn't know any spells.

Dungeon Overview and Level Annotations

Branches:
Dungeon (3/16)

Altars:
Nemelex Xobeh
Trog

Annotations:
D:2 Terence


Innate Abilities, Weirdness & Mutations

You can tolerate rotten meat.


Message History

The jackal closely misses you.
You closely miss the jackal.
The jackal is heavily wounded.
The jackal bites you.
* * * LOW HITPOINT WARNING * * *
The jackal barely misses you.
You miss the jackal.
The jackal is heavily wounded.
The jackal barely misses you. The jackal closely misses you.
The jackal barely misses you.
The jackal bites you but does no damage.
You hit the jackal. You punch the jackal.
You kill the jackal!
The jackal barely misses you.
You hit the giant newt.
You kill the giant newt!
The jackal bites you but does no damage.
The jackal closely misses you.
The jackal bites you but does no damage.
Are you sure you want to abandon this character and quit the game? (Confirm with "yes".)

#.....## #.......
#.....## ##...### ##.##
# # #.# ####.#### #.#
#.....h.# ####.####
#.##.##@### #........
#.##...# #....###.
#....#.# ##.######.
#.#####%..# #.........
#........## #..##.##..
####...#.######...%.....
........................
.........######......#.#
.####.##.# #........#


You could see a jackal.

Vanquished Creatures
  3 adders (D:2)
  A giant mite (D:2)
  2 worms
  2 grey rats (D:3)
  2 giant geckos (D:1)
  2 bats (D:1)
  7 hobgoblins
  2 quokkas (D:2)
  2 ball pythons
  A giant cockroach (D:2)
  3 giant newts
  4 goblins
  3 jackals (D:3)
  9 kobolds
  23 rats
66 creatures vanquished.

Notes
Turn   | Place    | Note
--------------------------------------------------------------
     0 | D:1      | Piginabag, the Demonspawn Monk, began the quest for the Orb.
     0 | D:1      | Reached XP level 1. HP: 18/18 MP: 1/1
   247 | D:1      | Gained mutation: You can tolerate rotten meat. [demonic ancestry]
   247 | D:1      | Reached XP level 2. HP: 24/24 MP: 2/2
   254 | D:1      | Found a bloodstained altar of Trog.
   420 | D:1      | Reached skill level 4 in Unarmed Combat
   789 | D:2      | Reached XP level 3. HP: 24/29 MP: 3/3
   824 | D:2      | Noticed Terence
  1268 | D:2      | Reached skill level 1 in Armour
  1391 | D:2      | Reached XP level 4. HP: 27/35 MP: 4/4
  1488 | D:2      | Found a sparkling altar of Nemelex Xobeh.
  2137 | D:3      | Quit the game

Action                   |  1- 3 |  4- 6 || total
-------------------------+-------+-------++-------
Melee: Unarmed           |   139 |    99 ||   238
 Stab: Sleeping          |     2 |     2 ||     4
